 Dungeon Crawl Stone Soup version 0.29.0-4-gdea44cf6ec (webtiles) character file.

Game seed: 11890190815922044254

46 qw the Chopper (level 3, -4/29 HPs)
             Began as a Barachi Chaos Knight on Sept 6, 2022.
             Slain by a rust devil (11 damage)
             ... summoned by Xom
             ... on level 2 of the Dungeon.
             The game lasted 00:00:26 (1130 turns).

qw the Chopper (Barachi Chaos Knight)               Turns: 1130, Time: 00:00:26

Health: -4/29      AC:  1    Str: 14 (15) XL:     3   Next: 66%
Magic:  3/3        EV: 11    Int: 12      God:
Gold:   34         SH:  0    Dex: 11      Spells: 2/2 levels left

rFire   . . .      SeeInvis .   Y - +0 hand axe (chaos)
rCold   . . .      Faith    .   (no shield)
rNeg    . . .      Spirit   .   b - +2 leather armour
rPois   .          Reflect  .   (no helmet)
rElec   .          Harm     .   (no cloak)
rCorr   .          Rampage  .   (no gloves)
Will    .....                   (no boots)
Stlth   +.........              (no amulet)
HPRegen 0.09/turn               (no ring)
MPRegen 0.08/turn               (no ring)

@: corroded, slow
A: amphibious, slowness 1, strong legs 1, +LOS
a: Hop


You were on level 2 of the Dungeon.
You visited 1 branch of the dungeon, and saw 2 of its levels.

You collected 34 gold pieces.


Innate Abilities, Weirdness & Mutations

You are amphibious.
You cover ground slowly.
You can hop short distances.
You have an extended range of vision and can be seen from far away.


   Skills:
 - Level 3.6 Fighting
 + Level 5.0 Axes
 - Level 2.4 Armour
 - Level 1.1 Dodging


You had 2 spell levels left.
You didn't know any spells.
Your spell library was empty.

Inventory:

Hand Weapons
 f - a +0 club
 Y - a +0 hand axe of chaos (weapon)
Armour
 a - a +0 scale mail
 b - a +2 leather armour (worn)
Potions
 d - a potion of lignification {unknown}
 g - a potion of magic {unknown}
 i - a potion of haste
 j - a potion of brilliance {unknown}
Miscellaneous
 c - a piece from Xom's chessboard (15/15)

Dungeon Overview and Level Annotations

Branches:
Dungeon (2/15)

Altars:


Message History

Found an escape hatch in the ceiling.
Terence the Incautious comes into view.
He is wielding a +0 trident and carrying a wand of flame (12).
Terence shouts!
There is an escape hatch in the ceiling here.
1015 ||| Stepping ~*~*~tactically~*~*~ (hiding).
Found a hand axe.
Terence zaps a wand.
The puff of flame hits you.
You hit Terence. You burn Terence.
Terence is heavily wounded.
Terence closely misses you.
You hit Terence but do no damage.
Terence is heavily wounded.
Terence hits you but does no damage.
You closely miss Terence.
Terence is heavily wounded.
Terence closely misses you.
You hit Terence.
Terence is severely wounded.
Terence zaps a wand.
The puff of flame hits you!
You closely miss Terence.
Terence is severely wounded.
Terence zaps a wand.
The puff of flame hits you!
Ouch! That really hurt!
You hit Terence. You burn Terence.
You kill Terence!
You feel your strength returning.
Your Axes skill increases to level 5!
You have reached level 3!
Your experience leads to an increase in your attributes!
Your base attributes are Str 13, Int 12, Dex 11.
Increase (S)trength, (I)ntelligence, or (D)exterity?
You feel stronger. x2
You start resting. "Fight to survive, mortal."
A rust devil comes into view.
You hit the rust devil but do no damage.
You barely miss the rust devil. The rust devil hits you.
The rust devil corrodes you!
You hit the rust devil but do no damage.
The rust devil hits you!
You die...

....###### .#.......#
.....###.# #####
#.#..# #.#######(..
#.#..# #..........#
#.#..###.#######..#
...........# #..# ..
#.##.##....#
###..##..... #.
#.##..#.###<4@).......
#
#...........#..##.....
####..#.#####..# ..
#[.#.# #..# ....#.#
#..# ####>#.# #.)#
#.#.# #..# #.... ...#
..# #.##


You could see a rust devil (summoned).

Vanquished Creatures
  Terence (D:2)
  2 ball pythons (D:1)
  2 endoplasms
  A giant cockroach (D:1)
  5 goblins (D:1)
  3 hobgoblins (D:1)
  A quokka (D:2)
  A bat (D:1)
  A frilled lizard (D:1)
17 creatures vanquished.

Vanquished Creatures (others)
  A ball python zombie (D:1)
1 creature vanquished.

Grand Total: 18 creatures vanquished

Notes
Turn   | Place    | Note
-------+----------+-------------------------------------------
     0 | D:1      | qw the Barachi Chaos Knight began the quest for the Orb.
     0 | D:1      | Reached XP level 1. HP: 18/18 MP: 1/1
     0 | D:1      | 0 ||| qw: Version: 0.1-a-108-g9e35731
     0 | D:1      | 0 ||| qw: Game counter: 6194
     0 | D:1      | 0 ||| qw: Always use a shield: true
     0 | D:1      | 0 ||| qw: God list: Okawaru
     0 | D:1      | 0 ||| qw: Allow faded altars: false
     0 | D:1      | 0 ||| qw: Do Orc after D:15 true
     0 | D:1      | 0 ||| qw: Do second Lair branch before Depths: true
     0 | D:1      | 0 ||| qw: Lair rune preference: random
     0 | D:1      | 0 ||| qw: Plans: Normal
     0 | D:1      | 0 ||| PLANNING D:1-11
     0 | D:1      | Fell from the grace of Xom
   308 | D:1      | Reached XP level 2. HP: 20/24 MP: 2/2
   444 | D:1      | Reached skill level 4 in Axes
   679 | D:1      | XOM: stat loss: -2 Str (11/13)
   723 | D:1      | 723 ||| Stepping ~*~*~tactically~*~*~ (stealth).
   924 | D:1      | 924 ||| READING scroll labelled QOJAOM QUAN.
   929 | D:1      | 929 ||| DRINKING 2 clear potions.
   930 | D:1      | 930 ||| DRINKING 2 sedimented cyan potions.
   931 | D:1      | 931 ||| DROPPING potion of flight.
  1014 | D:2      | Noticed Terence
  1015 | D:2      | 1015 ||| Stepping ~*~*~tactically~*~*~ (hiding).
  1022 | D:2      | HP: 2/24 [Terence/puff of flame (12)]
  1023 | D:2      | Killed Terence
  1024 | D:2      | Reached skill level 5 in Axes
  1024 | D:2      | Reached XP level 3. HP: 3/29 MP: 3/3
  1127 | D:2      | XOM: summons 1 hostile demon
  1128 | D:2      | Noticed a rust devil
  1129 | D:2      | HP: 7/29 [rust devil[Xom] (6)]
  1130 | D:2      | Slain by a rust devil

Levels and vault maps discovered:
D:1:      onia_arrival_mini_maze, layout_basic
D:2:      layout_loops_ring, serial_shops,
          nicolae_shop_competitors_out_of_business, uniq_natasha, uniq_robin,
          uniq_terence

Skill      XL: |  1  2 |
---------------+-------+-----
Axes           | 5 |  5.0
Fighting       | |  3.6
Armour         | |  2.4
Dodging        | |  1.1

Action                   || total
-------------------------++-------
Melee: Hand axe          ||    57
       Punch             ||     1
Invok: Renounce Religion ||     1
  Use: Potion            ||     2
       Scroll            ||     1
Armor: Leather armour    ||    21
Dodge: Dodged            ||    18

Table legend:
 A = Non-vault XP
 B = Vault XP
 C = Vault XP percentage of total XP
 D = Non-vault monster count
 E = Vault monster count
 F = Vault count percentage of total count
                 A         B        C        D         E       F
            +---------+---------+-------+---------+---------+-------
      Total |      30 |      36 |  54.5 |      16 |       1 |   5.9
            +---------+---------+-------+---------+---------+-------
        D:1 |      26 |       0 |   0.0 |      14 |       0 |   0.0
        D:2 |       4 |      36 |  90.0 |       2 |       1 |  33.3
            +---------+---------+-------+---------+---------+-------
